 Dungeon Sprint DCSS version 0.18-a0-1354-gbc5753f (webtiles) character file.

8194 Oracle the Bludgeoner (level 11, -1/101 HPs)
             Began as a Formicid Chaos Knight on Feb 19, 2016.
             Slain by a guardian mummy (4 damage)
             ... in the Dungeon (Sprint V: "Ziggurat Sprint").
             The game lasted 00:05:39 (764 turns).

Oracle the Bludgeoner (Formicid Chaos Knight)        Turns: 764, Time: 00:05:39

Health: -1/101     AC: 34    Str: 26    XL:     11   Next: 51%
Magic:  18/18      EV:  3    Int: 12    God:    Xom [..*...]
Gold:   0          SH: 32    Dex: 10    Spells: 1 memorised, 8 levels left

rFire  + . .     SeeInvis +     L - +9 Mace of Variability {chaos}
rCold  . . .     Gourm    .     J - +15 Maxwell's patent armour {-Cast -Tele rElec MR+ rCorr}
rNeg   + . .     Faith    .     K - +18 shield of the gong {rElec rN+ MR+ EV-5}
rPois  .         Spirit   .     (helmet unavailable)
rElec  +         Dismiss  .     (no cloak)
rCorr  +         Reflect  .     S - +0 pair of gloves {archery}
SustAt .         Harm     .     P - +2 pair of boots {run}
MR     +++..     NoCast   +     (no amulet)
Stlth  ..........               V - ring of protection from fire
                                G - +6 ring of strength

@: flayed, studying Charms, drained, quick, extremely resistant to hostile
enchantments, extremely unstealthy
A: permanent stasis, dig shafts and tunnels, four strong arms, antennae 3
a: Dig, Renounce Religion


You were in the Dungeon.
You worshipped Xom.
You were a toy of Xom.
You were not hungry.

You visited 1 branch

Inventory:

Hand Weapons
 a - a +0 mace of chaos
 L - the +9 Mace of Variability (weapon) {chaos}
   (You found it in the Dungeon)

   Each time it hits an enemy it has a different, random effect.
 Q - the +9 dagger of Chilly Death {flash freeze, rPois rF- rC++ MR+}
   (You found it in the Dungeon)

   It has been specially enchanted to freeze those struck by it, causing extra
   injury to most foes and up to half again as much damage against particularly
   susceptible opponents.
   It can also slow down cold-blooded creatures.
   It makes you vulnerable to fire.
   It greatly protects you from cold.
   It protects you from poison.
   It affects your resistance to hostile enchantments.
Armour
 b - a +2 leather armour
 J - the +15 Maxwell's patent armour (worn) {-Cast -Tele rElec MR+ rCorr}
   (You found it in the Dungeon)

   It insulates you from electricity.
   It affects your resistance to hostile enchantments.
   It prevents spellcasting.
   It prevents most forms of teleportation.
   It protects you from acid and corrosion.
 K - the +18 shield of the gong (worn) {rElec rN+ MR+ EV-5}
   (You found it in the Dungeon)

   It affects your evasion (-5).
   It insulates you from electricity.
   It protects you from negative energy.
   It affects your resistance to hostile enchantments.
 P - a +2 pair of boots of running (worn)
 S - a +0 pair of gloves of archery (worn)
Jewellery
 C - a +6 ring of dexterity
 D - a +6 ring of dexterity
 E - a +6 ring of intelligence
 F - a +6 ring of intelligence
 G - a +6 ring of strength (left hand)
 H - a +6 ring of strength
 M - an uncursed ring of ice
 V - a ring of protection from fire (right hand)
Wands
 y - a wand of disintegration (7/24)
 z - a wand of iceblast (5/15)
 A - a wand of lightning (4/15)
 B - a wand of acid (5/15)
Scrolls
 i - 4 scrolls of blinking
 p - 4 scrolls of amnesia
 q - 3 scrolls of recharging
 r - 7 scrolls of fog
 s - a scroll of holy word
 t - 5 scrolls of identify
 u - 5 scrolls of remove curse
 v - 2 scrolls of fear
Potions
 d - 8 potions of curing
 e - 3 potions of heal wounds
 f - 6 potions of haste
 g - 7 potions of magic
 h - 3 potions of berserk rage
 j - 2 potions of brilliance
 k - 2 potions of invisibility
 l - 4 potions of resistance
 m - a potion of experience
 n - 5 potions of agility
 o - 5 potions of might
Books
 N - a manual of Charms
Miscellaneous
 I - a disc of storms
 O - a stone of tremors (inert)
 R - a phial of floods (inert)
 T - an ornate deck of defence {drawn: 2}
Comestibles
 c - 5 bread rations
 w - 42 fruits
 x - 4 meat rations


   Skills:
 + Level 14.3(14.1) Fighting
 + Level 15.0(14.8) Maces & Flails
 + Level 9.6(9.4) Armour
 + Level 3.8(3.6) Dodging
 + Level 14.9(14.7) Shields
 * Level 9.4(9.2) Evocations


You had 8 spell levels left.
You knew the following spells:

 Your Spells              Type           Power        Failure   Level  Hunger
a - Repel Missiles        Chrm/Air       #.....       100%        2    ###....


Dungeon Overview and Level Annotations

Branches:
Dungeon (1/1)

Altars:
Ashenzari
Cheibriados
Dithmenos
Elyvilon
Fedhas
Gozag
Kikubaaqudgha
Makhleb
Nemelex Xobeh
Okawaru
Pakellas
Qazlal
Ru
Sif Muna
Trog
Vehumet
Xom
Yredelemnul
Zin
The Shining One
Beogh
Jiyva
Lugonu


Innate Abilities, Weirdness & Mutations

You are under a permanent stasis effect.
You can dig through walls and to a lower floor.
Your four strong arms can wield two-handed weapons with a shield.
You have a pair of large antennae on your head (SInv).


Message History

GONNNNG!
You block the death scarab's attack.
SHROANNG!
You block the death scarab's attack.
PTOANNNG!
The giant gecko skeleton bites you but does no damage.
The flayed ghost stares at you with tortured malice.
The flying skull hits you but does no damage.
The greater mummy calls on the powers of darkness!
The emperor scorpion convulses!
Your body is wracked with pain!
* * * LOW HITPOINT WARNING * * *
The emperor scorpion convulses!
The greater mummy hits you from afar with a +4 halberd!
* * * LOW HITPOINT WARNING * * *
The ushabti shakes and rattles.
The vile air hits the giant gecko skeleton.
The giant gecko skeleton is destroyed!
The vile air hits you! The guardian mummy hits you.
You die...
Xom titters! m m

▓..§8©8...▓..8©8..▓
u t
▓..=:[:}..▓...)...▓
▓...[:..≈.▓..|))..▓
▓......s..▓.......▓
▓≈........▓.......▓
▓..M......▓..).)..▓
▓..WMsM...▓...(...▓
▓.▓zBM8.▓.▓.......▓
▓.§B@§B...▓.......▓
▓▓▓▓▓▓▓▓▓▓▓▓▓▓▓▓▓▓▓
{


{{{{{ {{{{{ @ {{{{{ {{{{ o Z You could see 2 greater mummies, 2 emperor
scorpions, a flayed ghost, a guardian mummy, an ushabti, 3 death scarabs, a
flying skull and a mummy.

Vanquished Creatures
  A vault guard (D)
  A great orb of eyes (D)
  4 dancing weapons (D)
  A shadow wraith (D)
  2 deep elf archers (D)
  An ironbrand convoker (D)
  2 deep elf magi (D)
  An ugly thing (D)
  A kobold demonologist (D)
  A guardian mummy (D)
  A flying skull (D)
  An air elemental (D)
  A hell hound (D)
  2 necrophages (D)
  A wight (D)
  2 crimson imps (D)
  A quasit (D)
  An iguana (D)
  2 shadow imps (D)
  A white imp (D)
  An ufetubus (D)
  2 adder skeletons (D)
  A bat skeleton (D)
  2 bat zombies (D)
  A jackal (D)
  A giant gecko skeleton (D)
  A jackal skeleton (D)
  A quokka skeleton (D)
38 creatures vanquished.

Vanquished Creatures (collateral kills)
  A yaktaur (D)
1 creature vanquished.

Vanquished Creatures (others)
  A lurking horror (D)
1 creature vanquished.

Grand Total: 40 creatures vanquished

Notes
Turn   | Place    | Note
--------------------------------------------------------------
     0 | D        | Oracle the Formicid Chaos Knight began the quest for the Orb.
     0 | D        | Reached XP level 1. HP: 18/18 MP: 1/1
     0 | D        | Found a viscous altar of Jiyva.
     0 | D        | Found a roughly hewn altar of Beogh.
     0 | D        | Found a corrupted altar of Lugonu.
     0 | D        | Found a white marble altar of Elyvilon.
     0 | D        | Found a sparkling altar of Nemelex Xobeh.
     7 | D        | Found a burning altar of Makhleb.
     7 | D        | Found an iron altar of Okawaru.
     7 | D        | Found a deep blue altar of Sif Muna.
     7 | D        | Found a radiant altar of Vehumet.
     7 | D        | Found a bloodstained altar of Trog.
     7 | D        | Found a shimmering altar of Xom.
    57 | D        | Entered arena 1.
    57 | D        | Noticed an iguana
    60 | D        | Killed an iguana
    60 | D        | Reached skill level 5 in Fighting
    60 | D        | Reached skill level 5 in Maces & Flails
    60 | D        | Reached skill level 1 in Dodging
    60 | D        | Reached XP level 2. HP: 23/27 MP: 2/2
    60 | D        | Reached XP level 3. HP: 28/33 MP: 3/3
    69 | D        | Entered arena 2.
    69 | D        | Noticed a deep elf archer
    69 | D        | Noticed a deep elf mage
    69 | D        | Noticed a short sword of venom
    74 | D        | Killed a deep elf mage
    74 | D        | Reached skill level 10 in Fighting
    74 | D        | Reached skill level 10 in Maces & Flails
    74 | D        | Reached skill level 5 in Armour
    74 | D        | Reached XP level 4. HP: 33/48 MP: 4/4
    74 | D        | Reached XP level 5. HP: 37/54 MP: 5/5
    74 | D        | Reached XP level 6. HP: 41/61 MP: 6/6
    74 | D        | Reached XP level 7. HP: 45/67 MP: 7/7
    76 | D        | XOM: divination: detect items
    80 | D        | Killed a short sword of venom
    80 | D        | Reached skill level 11 in Fighting
    80 | D        | Reached XP level 8. HP: 38/76 MP: 8/8
    88 | D        | Killed a deep elf archer
    88 | D        | Reached skill level 12 in Fighting
    88 | D        | Reached XP level 9. HP: 43/84 MP: 9/9
   255 | D        | Entered arena 3.
   306 | D        | Identified the Guide on the Birds (You found it in the Dungeon)
   309 | D        | Learned a level 2 spell: Repel Missiles
   316 | D        | Identified a +2 pair of boots of running (You found it in the Dungeon)
   409 | D        | Entered arena 4.
   416 | D        | Reached skill level 1 in Evocations
   424 | D        | Entered arena 5.
   440 | D        | Entered arena 6.
   444 | D        | XOM: silly message
   463 | D        | Entered arena 7.
   463 | D        | Noticed a deep elf archer
   463 | D        | Noticed a short sword of draining
   463 | D        | Noticed a battleaxe of freezing
   463 | D        | Noticed a dire flail of protection
   463 | D        | Noticed a deep elf mage
   466 | D        | XOM: potion effect (might)
   468 | D        | Killed a dire flail of protection
   468 | D        | Reached skill level 13 in Fighting
   469 | D        | Killed a short sword of draining
   469 | D        | Reached skill level 10 in Shields
   469 | D        | Reached skill level 5 in Evocations
   469 | D        | Reached XP level 10. HP: 51/92 MP: 11/14
   471 | D        | Killed a deep elf mage
   471 | D        | XOM: divination: detect creatures
   475 | D        | Killed a deep elf archer
   475 | D        | Reached skill level 14 in Maces & Flails
   478 | D        | XOM: potion effect (invisibility)
   480 | D        | Killed a battleaxe of freezing
   686 | D        | Entered arena 8.
   686 | D        | Noticed a kobold demonologist
   686 | D        | Noticed a shadow wraith
   686 | D        | Noticed a vault guard
   686 | D        | Noticed a great orb of eyes
   686 | D        | Noticed a brown ugly thing
   686 | D        | Noticed an ironbrand convoker
   686 | D        | Noticed a yaktaur
   690 | D        | Killed a brown ugly thing
   692 | D        | Killed a shadow wraith
   692 | D        | Reached XP level 11. HP: 99/99 MP: 15/17
   695 | D        | Killed a great orb of eyes
   701 | D        | Killed a vault guard
   702 | D        | XOM: potion effect (heal wounds)
   703 | D        | Killed an ironbrand convoker
   738 | D        | Entered arena 9.
   738 | D        | Noticed a greater mummy
   738 | D        | Noticed a greater mummy
   741 | D        | Noticed a death scarab
   742 | D        | Noticed an emperor scorpion
   743 | D        | Noticed a shadow wraith
   743 | D        | Noticed a death scarab
   743 | D        | Noticed a death scarab
   743 | D        | Noticed a death scarab
   744 | D        | Noticed a death scarab
   746 | D        | Noticed a flayed ghost
   746 | D        | Reached skill level 15 in Maces & Flails
   755 | D        | Noticed a soul eater
   755 | D        | Noticed a death scarab
   755 | D        | Noticed a death scarab
   755 | D        | Noticed a death scarab
   757 | D        | HP: 5/101 [greater mummy/+4 halberd (5)]
   761 | D        | Noticed an emperor scorpion
   764 | D        | HP: 3/101 [greater mummy/+4 halberd (10)]
   764 | D        | Slain by a guardian mummy

Vault maps used:
D:        sprint_v

Action                   |  1- 3 |  4- 6 |  7- 9 | 10-12 || total
-------------------------+-------+-------+-------+-------++-------
Melee: Great mace        |     7 |       |    50 |    30 ||    87
Evoke: Stone of tremors  |       |       |       |     2 ||     2
       Phial of floods   |       |       |       |     2 ||     2
       Disc of storms    |       |       |       |     6 ||     6
       Deck              |       |       |       |     2 ||     2
       Wand              |       |       |       |     1 ||     1
       Phantom mirror    |       |       |       |     1 ||     1
  Use: Potion            |     1 |       |     1 |     7 ||     9
